 Dungeon Crawl Stone Soup version 0.29.1-1-gd02db6906a (webtiles) character file.

Game seed: 12396234903432907533

98 Romesagentofchaos the Sneak (level 4, -3/23 HPs)
             Began as a Spriggan Brigand on Oct 22, 2022.
             Killed by nerve-wracking pain
             ... invoked by an orc priest
              (12 damage)
             ... on level 3 of the Dungeon.
             The game lasted 00:09:13 (2362 turns).

Romesagentofchaos the Sneak (Spriggan Brigand)      Turns: 2362, Time: 00:09:13

Health: -3/23      AC:  3    Str:  6 (7)  XL:     4   Next: 43%
Magic:  5/5        EV: 17    Int: 11 (12) God:
Gold:   125        SH:  0    Dex: 16 (18) Spells: 3/3 levels left

rFire   . . .      SeeInvis +   a - +3 dagger
rCold   . . .      Faith    .   (no shield)
rNeg    . . .      Spirit   .   b - +0 robe
rPois   .          Reflect  .   (helmet restricted)
rElec   .          Harm     .   c - +0 cloak
rCorr   .          Rampage  .   (gloves unavailable)
Will    .....                   (boots unavailable)
Stlth   +++.......              (no amulet)
HPRegen 0.07/turn               (no ring)
MPRegen 0.09/turn               (no ring)

@: very quick
A: very small, no large weapons, unfitting armour, see invisible, speed 3
a: no special abilities


You were on level 3 of the Dungeon.
You visited 1 branch of the dungeon, and saw 3 of its levels.

You collected 125 gold pieces.

Inventory:

Hand Weapons
 a - a +3 dagger (weapon)
Missiles
 d - 4 poisoned darts (quivered)
 e - 6 curare-tipped darts
Armour
 b - a +0 robe (worn)
 c - a +0 cloak (worn)
Wands
 j - a wand of polymorph (8)
Scrolls
 h - a scroll of teleportation
Potions
 f - a potion of heal wounds {unknown}
 g - a potion of curing
 i - a potion of invisibility
 k - a potion of brilliance


   Skills:
 + Level 1.9 Fighting
 + Level 3.5 Short Blades
 + Level 2.6 Throwing
 + Level 2.3 Dodging
 + Level 6.8 Stealth


You had 3 spell levels left.
You didn't know any spells.
Your spell library was empty.

Dungeon Overview and Level Annotations

Branches:
Dungeon (3/15)

Altars:
Makhleb


Innate Abilities, Weirdness & Mutations

You are very small and have problems with some larger weapons.
You are too small for most types of armour.
You have supernaturally acute eyesight. (SInv)
You cover ground extremely quickly. (Speed+++)


Message History

You closely miss the orc. The orc hits you but does no damage.
The orc priest shouts!
You hit the orc but do no damage. You hit the orc.
The orc is lightly wounded.
The orc hits you with a +0 dagger. The orc closely misses you.
You hit the orc.
The orc is heavily wounded.
The orc closely misses you. The orc hits you with a +0 hand axe.
You hit the orc.
The orc is almost dead.
The orc hits you but does no damage. The orc hits you with a +0 hand axe.
You hit the orc.
You kill the orc!
The orc completely misses you. The orc hits you but does no damage.
Throw: 5 darts (poison)
Press: ? - help, Q - select action, (/) - cycle Shift-Dir - straight line, f - orc priest
Aim: an orc priest, wielding a +0 hand axe (60% to hit)
You throw a poisoned dart. The poisoned dart hits the orc priest.
The orc priest is poisoned.
You hear a splash.
You hit the orc.
The orc is moderately wounded.
The orc misses you. x2
You hit the orc priest.
The orc priest is moderately wounded.
The orc priest hits you with a +0 hand axe.
The orc misses you. x2
You hit the orc priest.
The orc priest is almost dead.
The orc priest invokes the aid of Beogh against you.
Beogh smites you!
* * * LOW HITPOINT WARNING * * *
The orc misses you. The orc hits you with a +0 dagger.
* * * LOW HITPOINT WARNING * * *
You feel better.
The orc priest calls down the wrath of Beogh upon you.
Pain shoots through your body!
Ouch! That really hurt!
You die...

#####***********
#...,,,,,,,,,,,*
#####.####********,*
.........##### #####
***********
...##.##.....#
##o~.#**,,,,,,,,,,
##.##.######.#
#@o((#,,,,,*******
.#.##.##
#.###.o≈.#,,,,,**
##.....#
#.....#≈#(...,,,*
.......#
#######≈##....,,*
.#####.#
#≈#,.(...,** .# *.#
###**###.,,***** ##
*,* ***,*,,,,,, **,*
****,,,*<,,*** *,,*
*,,,,*****,*


You could see an orc priest (poisoned) and 2 orcs.

Vanquished Creatures
  3 adders
  A worm (D:3)
  3 dart slugs
  An orc (D:3)
  3 endoplasms
  3 giant cockroaches
  3 goblins (D:1)
  9 hobgoblins
  6 jackals
  2 quokkas (D:1)
  9 ball pythons
  5 bats
  2 frilled lizards (D:1)
  3 kobolds
  6 rats
59 creatures vanquished.

Notes
Turn   | Place    | Note
-------+----------+-------------------------------------------
     0 | D:1      | Romesagentofchaos the Spriggan Brigand began the quest for
                  | the Orb.
     0 | D:1      | Reached XP level 1. HP: 10/10 MP: 2/2
    59 | D:1      | Reached skill level 6 in Stealth
    74 | D:1      | Reached XP level 2. HP: 10/14 MP: 3/3
   514 | D:1      | Reached XP level 3. HP: 18/18 MP: 4/4
   991 | D:2      | Found a burning altar of Makhleb.
  1095 | D:2      | Found a faded altar of an unknown god.
  1546 | D:2      | Reached XP level 4. HP: 23/23 MP: 5/5
  2362 | D:3      | Killed from afar by an orc priest

Illustrated notes

Levels and vault maps discovered:
D:1:      eino_arrival_water_star, layout_rooms, dreamdust_princess_corridor
D:2:      layout_basic, basic_altar, basic_ecumenical_altar
D:3:      layout_loops_ring, chequers_serial_rivers_micro_b,
          grunt_decor_one_mirror

Skill      XL: |  1  2  3 |
---------------+----------+-----
Stealth        | 6 |  6.8
Short Blades   | 3 |  3.5
Dodging        | 2 |  2.3
Fighting       | |  1.9
Throwing       | |  2.6

Action                   |  1- 3 |  4- 6 || total
-------------------------+-------+-------++-------
Melee: Dagger            |   140 |    54 ||   194
       Punch             |       |     3 ||     3
Throw: Dart              |    11 |     4 ||    15
  Use: Potion            |     8 |     1 ||     9
       Scroll            |     2 |     3 ||     5
 Stab: Sleeping          |     6 |     1 ||     7
Armor: Robe              |    18 |     9 ||    27
Dodge: Dodged            |    89 |    34 ||   123
